AoeStats
← AxingQuestions

Arabia

503723897Analyzed
1v1 RM · 1mo ago on Sep 2, 2026· 34m 31s· 2 players
Game mode
Random Map
Map size
Tiny (2 player)
Population
200
Speed
Normal
Resources
Standard
Victory
Conquest
Starting age
Dark Age
Ending age
Imperial Age
RankedLock teamsTeams togetherTeam positionsShared explorationLock speedFull tech treeHidden civsTurbo modeCheats
Victory
Defeat
🇺🇸 Magyars · United States
1244
+15
🇺🇸 Malay · United States
1216
-15
AxingQuestions
7:14 Loom
10:12 Feudal Age
14:12 Double-Bit Axe
14:34 Horse Collar
16:31 Wheelbarrow
21:55 Castle Age
21:44 Gold Mining
22:16 Bow Saw
22:06 Fletching
21:55 Crossbowman
23:22 Padded Archer Armor
25:52 Bodkin Arrow
28:41 Ballistics
27:59 Pikeman
30:30 Masonry
31:03 Hand Cart
30:34 Town Watch
32:44 Leather Archer Armor
33:25 Gold Shaft Mining
rugiero569
6:41 Loom
8:48 Feudal Age
11:35 Double-Bit Axe
14:21 Scale Barding Armor
14:38 Horse Collar
19:11 Bloodlines
22:33 Castle Age
20:55 Gold Mining
23:38 Wheelbarrow
23:24 Husbandry
24:22 Chain Barding Armor
28:41 Bow Saw
33:40 Imperial Age
34:17 Cavalier
35:35 Plate Barding Armor
Connection lost

Rejoining the realm…

Still unreachable

The connection could not be restored.

Session expired

The server has moved on; the page needs a fresh start.